 Dungeon Crawl Stone Soup version 0.29.1-2-gbd0b4ee654 (webtiles) character file.

Game seed: 13444562088717258845

76850 qeuew the Warrior (level 15, -9/143 HPs)
             Began as a Minotaur Berserker on Nov 13, 2022.
             Was the Champion of Trog.
             Mangled by Agnes
             ... wielding a +2 vampiric lajatang
              (20 damage)
             ... on level 2 of the Lair of Beasts.
             The game lasted 00:36:49 (15039 turns).

qeuew the Warrior (Minotaur Berserker)             Turns: 15039, Time: 00:36:49

Health: -9/143     AC: 15    Str: 23    XL:     15   Next: 13%
Magic:  14/14      EV: 23    Int:  4    God:    Trog [******]
Gold:   435        SH:  4    Dex: 22    Spells: 14/14 levels left

rFire   . . .      SeeInvis +   y - +7 executioner's axe (flame)
rCold   . . .      Faith    .   (shield currently unavailable)
rNeg    . . .      Spirit   .   P - +0 steam dragon scales of Death's Door {Harm SInv Stlth-}
rPois   +          Reflect  .   a - +2 hat {Will+}
rElec   .          Harm     +   (no cloak)
rCorr   .          Rampage  .   b - +0 pair of gloves
Will    ++++.                   r - +2 pair of boots
Stlth   +.........              k - amulet of regeneration
HPRegen 2.13/turn               p - +6 ring of dexterity
MPRegen 0.14/turn               H - ring of poison resistance

@: strong-willed, on berserk cooldown, regenerating, slowed, studying
Evocations, very slow
A: horns 2, retaliatory headbutt, large bone plates 1
a: Renounce Religion, Berserk, Trog's Hand, Brothers in Arms


You were on level 2 of the Lair of Beasts.
You worshipped Trog.
Trog was exalted by your worship.
You visited 3 branches of the dungeon, and saw 17 of its levels.
You also visited: Trove and Gauntlet.

You collected 1009 gold pieces.
You spent 574 gold pieces at shops.

Inventory:

Hand Weapons
 u - a +1 war axe of flaming
 y - a +7 executioner's axe of flaming (weapon)
Missiles
 h - 3 throwing nets (quivered)
Armour
 a - a +2 hat of willpower (worn)
 b - a +0 pair of gloves (worn)
 r - a +2 pair of boots (worn)
 z - a +3 ring mail of positive energy
 P - the +0 steam dragon scales of Death's Door (worn) {Harm SInv Stlth-}
   (You found it in a Gauntlet)

   SInv:      It lets you see invisible.
   Harm:      It increases damage dealt and taken.
   Stlth:     It makes you less stealthy.
Jewellery
 e - a ring of resist corrosion
 k - an amulet of regeneration (around neck)
 p - a +6 ring of dexterity (left hand)
 H - a ring of poison resistance (right hand)
 M - a +4 ring of protection
 N - the ring of Ephasun {rC+ Int+6}
   (You found it in a Gauntlet)

   [ring of intelligence]

   Int:       It affects your intelligence (+6).
   rC:        It protects you from cold.
 O - a ring of flight
Wands
 m - a wand of paralysis (29)
 q - a wand of roots (20)
 s - a wand of flame (37)
 B - a wand of polymorph (5)
 C - a wand of mindburst (17)
 J - a wand of light (17)
Scrolls
 c - 4 scrolls of fear
 f - a scroll of magic mapping
 j - a scroll of teleportation
 t - 2 scrolls of brand weapon
 w - 3 scrolls of enchant armour
 x - 7 scrolls of identify
 A - a scroll of fog
 E - 2 scrolls of enchant weapon
Potions
 d - 4 potions of cancellation
 g - 5 potions of might
 i - 11 potions of curing
 l - 7 potions of flight
 n - 5 potions of haste
 o - a potion of magic
 F - a potion of heal wounds
 G - a potion of ambrosia
 I - 2 potions of mutation
Miscellaneous
 K - a phantom mirror
 L - a lightning rod (4/4)


   Skills:
 + Level 15.8 Fighting
 + Level 15.7 Axes
 + Level 15.6 Armour
 + Level 14.3 Dodging
 + Level 8.5 Evocations


You had 14 spell levels left.
You didn't know any spells.
Your spell library was empty.

Dungeon Overview and Level Annotations

Branches:
Dungeon (11/15)            Temple (0/1) D:5            Lair (5/5) D:10
 Shoals (0/4) Lair:2       Spider (1/4) Lair:2        Slime (0/5) Lair:4
    Orc (0/2) D:10        Gauntlet (visited)

Altars:
Dithmenos
Okawaru
Uskayaw
Wu Jian
Xom
Yredelemnul
Zin
Jiyva

Shops:
D:1 ?   D:3 !=((   D:7 (   D:9 *

Annotations:
Lair:1 2 transporters, zeram's ghost, journeyman SpBr
Lair:2 Agnes
Lair:4 2 transporters, Guuquyx's ghost, journeyman TrMo


Innate Abilities, Weirdness & Mutations

You have a pair of horns on your head.
You reflexively headbutt those who attack you in melee.
You are partially covered in large bone plates. (SH +4)


Message History

Agnes hits you with a +2 vampiric lajatang!!
* * * LOW HITPOINT WARNING * * *
Aiming: Bolt of Light
Press: ? - help, Q - select action, (/) - cycle Shift-Dir - straight line, f - Agnes
Aim: Agnes, wielding a +2 vampiric lajatang and wearing a +2 robe of fire resistance (severely wounded, soul bound, 42% to hit)
Okay, then.
Okay, then.
Press: ? - help, v - describe, . - travel A hole to the Spider Nest, spattered with blood.
Blink to where?
Press: ? - help, Dir - move target
As you read the scroll of blinking, it crumbles to dust.
Okay, then.
Press: ? - help, v - describe, . - travel
Here: Agnes, wielding a +2 vampiric lajatang and wearing a +2 robe of fire resistance (severely wounded, soul bound)
The floor.
Throw: 3 throwing nets
Press: ? - help, Q - select action, (/) - cycle Shift-Dir - straight line, f - Agnes
Aim: Agnes, wielding a +2 vampiric lajatang and wearing a +2 robe of fire resistance (severely wounded, soul bound, 43% to hit)
Okay, then.
Blink to where?
Press: ? - help, Dir - move target
As you read the scroll of blinking, it crumbles to dust.
As you read the scroll of fog, it crumbles to dust.
The scroll dissolves into smoke.
Throw: 3 throwing nets
Press: ? - help, Q - select action, (/) - cycle Shift-Dir - straight line, f - Agnes
Aim: Agnes, wielding a +2 vampiric lajatang and wearing a +2 robe of fire resistance (black smoke, severely wounded, soul bound, 43% to hit)
Okay, then.
As you read the scroll of summoning, it crumbles to dust.
Wisps of shadow whirl around you... You block Agnes's attack.
Agnes hits you with a +2 vampiric lajatang!
* * * LOW HITPOINT WARNING * * *
Unknown command.
You swap places.
Agnes hits your wyvern with a +2 vampiric lajatang!!
Your wyvern dies!
Your wyvern's corpse dissolves into shadows!
Agnes hits you with a +2 vampiric lajatang!
You die...

##....P#.#.##..##.##### #..#
#...P#######..#..###..########...
#..###P.####.....##.....##.....#.
.......§..##§§§.§##..........#.#.
#.†........##§§§##..........##.#.
#......F...###§##.#.....###..##..
#.........[.###§#S......# #.##...
#..###.#..P..###i##.#.#.# #...'..
#P#####...#####.@k...#### ###.#..
#####....## ##.##..## ###..
#P...## ######..## ##. ##.###
#...##'..## #. #.## ###.......#
#. ###'.##### #.......# ##
#......#P### ##.......# ###
##.....'...###........# #####..
#>....#...##.#.......###P##...


You could see Agnes (soul bound, ally target), a friendly rime drake (summoned)
and a friendly water moccasin (summoned).

Vanquished Creatures
  Kirke (Lair:5)
  The ghost of qeuew the Nimble, a journeyman MfGl of Gozag (Lair:5)
  A minotaur (Gauntlet)
  A fire dragon (Lair:5)
  The ghost of nshep25 the Basher, a journeyman MiFi of Cheibriados (D:10)
  10 hydras
  5 boulder beetles
  A vault guard (D:10)
  Erica (Lair:1)
  A two-headed ogre (D:7)
  4 death yaks (Lair:5)
  Sonja (D:10)
  Urug (Lair:4)
  2 pharaoh ants (Spider:1)
  Amaemon (Lair:1)
  A steelbarb worm (Spider:1)
  A swamp dragon (Lair:5)
  A wolf spider (Spider:1)
  19 elephants
  Joseph (D:8)
  3 merfolk sirens (Lair:2)
  4 black mambas
  16 cane toads
  Maggie (D:6)
  A gargoyle (D:9)
  A kobold demonologist (D:7)
  12 komodo dragons
  An orange demon (Lair:1)
  An unseen horror (D:10)
  Psyche (D:10)
  2 torpor snails
  A yaktaur (D:10)
  8 rime drakes
  A merfolk (Lair:2)
  A troll (D:10)
  13 polar bears
  A tarantella (Spider:1)
  3 raiju (Lair:5)
  Prince Ribbit (D:8)
  7 dream sheep (Lair:5)
  19 blink frogs
  2 jumping spiders (Spider:1)
  3 culicivoras (Lair:2)
  3 shadows (Gauntlet)
  5 wyverns (Lair:4)
  63 yaks
  13 basilisks
  Eustachio (D:5)
  2 wraiths
  4 hogs (Lair:5)
  3 steam dragons
  Menkaure (D:4)
  4 wargs (Lair:5)
  2 swamp worms (Gauntlet)
  7 water moccasins
  2 acid dragons (Lair:5)
  14 hell hounds (Lair:5)
  Duvessa (D:6)
  6 orc warriors
  A swamp drake (Lair:5)
  An ice beast (D:5)
  13 black bears
  2 sky beasts (D:7)
  The ghost of SirLogeyBear the Chopper, an amateur HOBe of Trog (D:3)
  21 wolves
  3 centaurs
  An ogre (D:6)
  A phantom (D:10)
  A kobold brigand (D:7)
  Blork the orc (D:5)
  17 bullfrogs
  2 gnoll sergeants
  3 small abominations (Gauntlet)
  3 necrophages
  4 scorpions
  4 wights (D:7)
  Dowan (D:6)
  2 troll zombies (D:10)
  2 water moccasin skeletons (D:3)
  6 killer bees (D:9)
  6 electric eels
  4 howler monkeys
  A bullfrog zombie (D:3)
  A jelly (D:8)
  3 orc priests
  4 hounds
  7 iguanas
  8 orc wizards
  4 hell rats (Lair:4)
  6 ogre zombies (D:10)
  10 gnolls
  11 adders
  5 white imps
  3 ufetubi
  2 worms
  4 dart slugs
  31 orcs
  7 endoplasms
  3 giant cockroaches
  11 goblins
  8 hobgoblins
  4 jackals (D:1)
  2 quokkas
  5 ball pythons
  5 bats
  4 frilled lizards
  2 goblin skeletons (D:10)
  6 goblin zombies (D:10)
  A hobgoblin skeleton (D:10)
  2 hobgoblin zombies (D:10)
  10 kobolds
  An orc skeleton (D:10)
  13 orc zombies (D:10)
  10 rats
583 creatures vanquished.

Vanquished Creatures (others)
  A bush (Lair:5)
  38 fungi
  77 plants
  3 withered plants (Gauntlet)
119 creatures vanquished.

Grand Total: 702 creatures vanquished

Notes
Turn   | Place    | Note
-------+----------+-------------------------------------------
     0 | D:1      | qeuew the Minotaur Berserker began the quest for the Orb.
     0 | D:1      | Reached XP level 1. HP: 19/19 MP: 0/0
    10 | D:1      | Found Dihab's Magic Scroll Shoppe.
    90 | D:1      | Reached XP level 2. HP: 18/27 MP: 1/1
   671 | D:2      | Reached XP level 3. HP: 33/33 MP: 2/2
   694 | D:2      | Found a glowing silver altar of Zin.
   867 | D:2      | Reached ** piety under Trog
  1465 | D:3      | Found Gecijit's Distillery.
  1473 | D:3      | Bought a potion of degeneration for 11 gold pieces
  1473 | D:3      | Bought a potion of mutation for 88 gold pieces
  1526 | D:3      | Found Ekaptira's Jewellery Shoppe.
  1570 | D:3      | Found Wiuria's Weapon Shop.
  1583 | D:3      | Reached XP level 4. HP: 41/41 MP: 3/3
  1964 | D:3      | Found a runed translucent gate.
  1964 | D:3      | Found a runed translucent gate.
  1973 | D:3      | Found a runed translucent gate.
  1980 | D:3      | Found Todghuosy's Weapon Boutique.
  1992 | D:3      | Reached XP level 5. HP: 26/47 MP: 4/4
  2243 | D:3      | Found a shimmering altar of Xom.
  2293 | D:3      | Noticed SirLogeyBear's ghost (amateur HOBe)
  2313 | D:3      | Reached skill level 5 in Fighting
  2313 | D:3      | Reached skill level 5 in Axes
  2314 | D:3      | Reached XP level 6. HP: 56/56 MP: 5/5
  2314 | D:3      | Killed SirLogeyBear's ghost
  2379 | D:4      | Noticed Menkaure
  2390 | D:4      | Killed Menkaure
  2391 | D:4      | Reached skill level 5 in Armour
  2391 | D:4      | Gained mutation: You expend magic power (3 MP) to
                  | strengthen your wands. [potion of mutation]
  2391 | D:4      | Gained mutation: You are clumsy. (Dex -2) [potion of
                  | mutation]
  2392 | D:4      | Lost mutation: You expend magic power (3 MP) to strengthen
                  | your wands. [potion of mutation]
  2392 | D:4      | Lost mutation: You are clumsy. (Dex -2) [potion of
                  | mutation]
  2392 | D:4      | Gained mutation: You are partially covered in iridescent
                  | scales. (AC +2) [potion of mutation]
  2392 | D:4      | Gained mutation: Your body sometimes deteriorates upon
                  | taking damage. [potion of mutation]
  2392 | D:4      | Gained mutation: Your mind is acute. (Int +4, Str/Dex -1)
                  | [potion of mutation]
  2392 | D:4      | Gained mutation: Your mind is very acute. (Int +8, Str/Dex
                  | -2) [potion of mutation]
  2393 | D:4      | Lost mutation: Your body sometimes deteriorates upon taking
                  | damage. [potion of mutation]
  2393 | D:4      | Lost mutation: You are partially covered in iridescent
                  | scales. (AC +2) [potion of mutation]
  2393 | D:4      | Lost mutation: Your mind is very acute. (Int +8, Str/Dex
                  | -2) [potion of mutation]
  2393 | D:4      | Lost mutation: Your mind is acute. (Int +4, Str/Dex -1)
                  | [potion of mutation]
  2393 | D:4      | Gained mutation: You are partially covered in large bone
                  | plates. (SH +4) [potion of mutation]
  2505 | D:4      | Reached XP level 7. HP: 59/62 MP: 6/6
  2864 | D:4      | Identified the +11 rapier of Blood-Lust {freeze, rCorr}
  2907 | D:4      | Reached *** piety under Trog
  3243 | D:4      | Reached skill level 5 in Dodging
  3357 | D:5      | Entered Level 5 of the Dungeon
  3532 | D:5      | Noticed Blork the orc
  3543 | D:5      | Killed Blork the orc
  3552 | D:5      | Reached XP level 8. HP: 41/71 MP: 7/7
  3793 | D:5      | Noticed Eustachio
  3813 | D:5      | Killed Eustachio
  4327 | D:5      | Found a staircase to the Ecumenical Temple.
  5007 | D:6      | Noticed Maggie
  5026 | D:6      | Killed Maggie
  5027 | D:6      | Reached XP level 9. HP: 78/81 MP: 8/8
  5192 | D:6      | Noticed Duvessa
  5192 | D:6      | Noticed Dowan
  5197 | D:6      | Killed Duvessa
  5201 | D:6      | Killed Dowan
  5342 | D:7      | Identified the +7 trident of Ykhuoc Urghi {vorpal, rF+}
  5564 | D:7      | Noticed a kobold demonologist
  5577 | D:7      | Killed a kobold demonologist
  5598 | D:7      | Found Epsaikk's Antique Weapon Shop.
  5661 | D:7      | Reached **** piety under Trog
  5712 | D:7      | Found an ornate altar of the Wu Jian Council.
  5817 | D:7      | Noticed a two-headed ogre
  5828 | D:7      | Killed a two-headed ogre
  5910 | D:7      | Reached XP level 10. HP: 91/91 MP: 9/9
  6187 | D:8      | Found a hide-covered altar of Uskayaw.
  6189 | D:8      | Found a shadowy altar of Dithmenos.
  6189 | D:8      | Found an iron altar of Okawaru.
  6193 | D:8      | Noticed Prince Ribbit
  6201 | D:8      | Killed Prince Ribbit
  6339 | D:8      | Noticed Joseph
  6346 | D:8      | Killed Joseph
  6347 | D:8      | Reached skill level 10 in Fighting
  6347 | D:8      | Reached skill level 10 in Axes
  6823 | D:9      | Reached skill level 10 in Armour
  6977 | D:9      | Noticed a gargoyle
  6992 | D:9      | Killed a gargoyle
  7061 | D:9      | Found a basalt altar of Yredelemnul.
  7090 | D:9      | Found Uxubur's Lightly-Used Armoury.
  8001 | D:10     | Entered Level 10 of the Dungeon
  8012 | D:10     | Found a staircase to the Orcish Mines.
  8020 | D:10     | Reached XP level 11. HP: 101/101 MP: 10/10
  8020 | D:10     | Noticed Psyche
  8031 | D:10     | Killed Psyche
  8039 | D:10     | Reached ***** piety under Trog
  8052 | D:10     | Reached skill level 10 in Dodging
  8055 | D:10     | Received a gift from Trog
  8186 | D:10     | Found a runed translucent door.
  8187 | D:10     | Noticed nshep25's ghost (journeyman MiFi)
  8207 | D:10     | Killed nshep25's ghost
  8330 | D:10     | Noticed Sonja
  8338 | D:10     | Killed Sonja
  8415 | D:10     | Found a staircase to the Lair.
  8569 | D:10     | Noticed a vault guard
  8579 | D:10     | Killed a vault guard
  8583 | D:10     | Found a portal to a secret trove of treasure.
  8647 | Lair:1   | Entered Level 1 of the Lair of Beasts
  8660 | Lair:1   | Identified the +4 sling of Defiance {vorpal, Fly rElec rF-
                  | Stlth+}
  8677 | Lair:1   | Noticed a spriggan rider
  8677 | Lair:1   | Noticed a rakshasa
  8680 | Lair:1   | Noticed zeram's ghost (journeyman SpBr)
  8682 | Lair:1   | Found a transporter.
  8682 | Lair:1   | Found a transporter.
  8692 | Lair:1   | Noticed Amaemon
  8696 | Lair:1   | Noticed a boulder beetle
  8703 | Lair:1   | Killed a boulder beetle
  8704 | Lair:1   | Reached skill level 1 in Evocations
  8706 | Lair:1   | Killed Amaemon
  8758 | Lair:1   | Noticed a six-headed hydra
  8767 | Lair:1   | Killed a three-headed hydra
  8768 | Lair:1   | Reached XP level 12. HP: 112/112 MP: 11/11
  9086 | Lair:1   | Noticed a seven-headed hydra
  9091 | Lair:1   | Killed a five-headed hydra
  9187 | Lair:1   | Noticed Erica
  9194 | Lair:1   | Killed Erica
  9912 | Lair:2   | Found a hole to the Spider Nest.
 10062 | Lair:2   | Found a staircase to the Shoals.
 10138 | Lair:2   | Reached XP level 13. HP: 122/122 MP: 12/12
 10711 | Lair:3   | Reached skill level 5 in Evocations
 11501 | Lair:4   | Noticed Urug
 11506 | Lair:4   | Found a staircase to the Slime Pits.
 11506 | Lair:4   | Found a viscous altar of Jiyva.
 11508 | Lair:4   | Killed Urug
 11595 | Lair:4   | Found a transporter.
 11599 | Lair:4   | Found a transporter.
 11599 | Lair:4   | Noticed Guuquyx's ghost (journeyman TrMo)
 11978 | Lair:4   | Received a gift from Trog
 12214 | Lair:4   | Reached XP level 14. HP: 108/133 MP: 13/13
 12329 | Lair:5   | Entered Level 5 of the Lair of Beasts
 12513 | Lair:5   | Noticed Kirke
 12528 | Lair:5   | Killed Kirke
 12609 | Lair:5   | Reached skill level 15 in Fighting
 12692 | Lair:5   | Reached skill level 15 in Axes
 12694 | Lair:5   | Received a gift from Trog
 12699 | Lair:5   | Found a runed translucent gate.
 12702 | Lair:5   | Noticed qeuew's ghost (journeyman MfGl)
 12703 | Lair:5   | Found a runed translucent gate.
 12704 | Lair:5   | Found a runed translucent gate.
 12739 | Lair:5   | Reached skill level 15 in Armour
 12748 | Lair:5   | Killed qeuew's ghost
 13483 | Lair:5   | Reached XP level 15. HP: 132/143 MP: 14/14
 13885 | D:1      | Bought 2 scrolls of teleportation for 60 gold pieces
 13885 | D:1      | Bought a scroll of fear for 40 gold pieces
 13885 | D:1      | Bought a scroll of blinking for 75 gold pieces
 13885 | D:1      | Bought a scroll of enchant armour for 75 gold pieces
 13885 | D:1      | Bought a scroll of teleportation for 30 gold pieces
 13930 | D:3      | Bought a ring of see invisible for 195 gold pieces
 14243 | D:10     | You paid a toll of 12 scrolls of teleportation to enter a
                  | treasure trove
 14244 | Trove    | Entered a treasure trove
 14691 | D:11     | Found a gate leading to a gauntlet.
 14696 | D:11     | Reached ****** piety under Trog
 14701 | Gauntlet | Entered a Gauntlet
 14701 | Gauntlet | Found a transporter.
 14701 | Gauntlet | Found a transporter.
 14705 | Gauntlet | Found a transporter.
 14706 | Gauntlet | Found a transporter.
 14709 | Gauntlet | Found a transporter.
 14709 | Gauntlet | Found a transporter.
 14761 | Gauntlet | Found a transporter.
 14761 | Gauntlet | Found a transporter.
 14762 | Gauntlet | Found a transporter.
 14762 | Gauntlet | Found a transporter.
 14801 | Gauntlet | Found a runed translucent door.
 14801 | Gauntlet | Found a runed translucent door.
 14819 | Gauntlet | Found a transporter.
 14819 | Gauntlet | Found a transporter.
 14874 | Gauntlet | Identified the +9 arbalest of Erioh {elec, Fragile rElec
                  | Int+7 Stlth+}
 14889 | Gauntlet | Identified the ring of Ephasun {rC+ Int+6}
 14896 | Gauntlet | Identified the +0 steam dragon scales of Death's Door {Harm
                  | SInv Stlth-}
 15010 | Spider:1 | Entered Level 1 of the Spider Nest
 15013 | Spider:1 | Noticed Agnes
 15019 | Spider:1 | Received a gift from Trog
 15030 | Spider:1 | HP: 1/143 [Agnes/+2 vampiric lajatang (13)]
 15039 | Lair:2   | Mangled by Agnes

Illustrated notes

Levels and vault maps discovered:
D:1:      saegor_arrival_simple_b, layout_rooms, serial_shops,
          nicolae_shop_statue_plus, serial_bayou_lagoon_b
D:2:      layout_loops_ring, basic_altar
D:3:      layout_basic, tgw_xom, gammafunk_ghost_necromancy, serial_shops,
          nicolae_shop_waterfront, nicolae_shop_bloodbath_and_beyond, shop,
          nicolae_shop_stone
D:4:      layout_basic, uniq_menkaure
D:5:      layout_rooms, temple_statues, uniq_eustachio, uniq_blork_the_orc
D:6:      layout_basic, uniq_duvessa, uniq_maggie
D:7:      minmay_angry_zag, layout_loops_ring, mainiacjoe_overflow_chevrons,
          serial_shops, shop
D:8:      layout_gridville, gammafunk_temple_overflow_claw, uniq_prince_ribbit1,
          uniq_joseph
D:9:      layout_layer_cave, mainiacjoe_overflow_alcove_1, st_stairs_6,
          minmay_shop_damaged, serial_bayou_lake_a
D:10:     layout_rooms, grunt_lair_entry_orc_guard_hut, zombieorc2_lemuel,
          enter_trove_5, ebering_ghost_inner_flame, uniq_psyche, uniq_sonja
D:11:     cheibrodos_statue_roulette, layout_long_grid, gauntlet_entry_generic
Lair:1:   layout_roguey, gammafunk_ghost_abyssal_escape, serial_bayou_shore_a,
          uniq_erica, uniq_amaemon
Lair:2:   layout_roguey, elwin_shoals_entry_stream,
          hellmonk_spider_entry_life_and_decay, serial_bayou_shore_b,
          grunt_megastairs_2
Lair:3:   nzn_winding_woodlands_small [nzn_winding_woodlands_5x15_crooked,
          nzn_winding_woodlands_center_lodge,
          nzn_winding_woodlands_5x15_pathside_ponds], layout_gridlike,
          infiniplex_staircase_pool
Lair:4:   layout_cave_pods, slime_entry_1, special_room
          [special_room_mythical_zoo], gammafunk_ghost_arena, minivault_24,
          uniq_urug
Lair:5:   guppyfry_lair_end_dragon, layout_regular_city,
          hangedman_lair_caniforms_friends, gammafunk_ghost_split,
          nicolae_lair_grove_arrangements, uniq_kirke
Spider:1: layout_spider_delve, nicolae_spider_nooks_and_crannies, uniq_agnes

Skill      XL: |  1  2  3  4  5  6  7  8  9 10 11 12 13 14 |
---------------+-------------------------------------------+-----
Axes           | 4 5 6 8 9 10 12 13 14 15 | 15.7
Armour         | 3 4 5 6 7 9 10 12 13 14 15 | 15.6
Fighting       | 4 5 6 8 9 10 12 13 14 15 | 15.8
Dodging        | 3 4 5 6 8 9 11 12 13 14 | 14.3
Evocations     | 1 4 6 8 |  8.5

Action                   |  1- 3 |  4- 6 |  7- 9 | 10-12 | 13-15 || total
-------------------------+-------+-------+-------+-------+-------++-------
Melee: Hand axe          |    73 |    55 |   137 |       |       ||   265
       Headbutt          |    10 |    13 |    62 |    71 |    88 ||   244
       Punch             |       |     1 |     4 |     2 |       ||     7
       War axe           |       |       |   134 |   163 |       ||   297
       Executioner's axe |       |       |       |   188 |   454 ||   642
Invok: Berserk           |     1 |     1 |     5 |    12 |    12 ||    31
       Trog's Hand       |       |     2 |     1 |     6 |     1 ||    10
  Use: Scroll            |    13 |     1 |     6 |     3 |     6 ||    29
       Potion            |     2 |     3 |     1 |     2 |     2 ||    10
 Stab: Sleeping          |     1 |       |       |       |       ||     1
       Invisible         |       |       |       |     4 |       ||     4
Armor: Animal skin       |    17 |       |       |       |       ||    17
       Ring mail         |     3 |    12 |    77 |   115 |   173 ||   380
       Steam dragon scal |       |       |       |       |     5 ||     5
Dodge: Dodged            |    60 |    40 |   160 |   280 |   555 ||  1095
Block: Other             |       |     1 |    51 |    64 |   108 ||   224
